 Dungeon Crawl Stone Soup version 0.24-a0-235-g3f03afcf10 (webtiles) character file.

Game seed: 16333892910159971305

4783 MrRokkomies the Fighter (level 10, -14/99 HPs)
             Began as an Ogre Hunter on Apr 7, 2019.
             Was a High Priest of Ru.
             Demolished by a three-headed hydra (16 damage)
             ... on level 9 of the Dungeon on Apr 8, 2019.
             The game lasted 00:36:42 (12048 turns).

MrRokkomies the Fighter (Ogre Hunter)              Turns: 12048, Time: 00:36:43

Health: -14/99     AC:  7    Str: 18    XL:     10   Next: 47%
Magic:  5/10       EV: 12    Int: 12    God:    Ru [*****.]
Gold:   561        SH:  0    Dex: 12    Spells: 3/9 levels left

rFire    . . .     SeeInvis .   a - +3 lajatang
rCold    . . .     Gourm    .   (shield currently unavailable)
rNeg     . . .     Faith    .   y - +1 robe {rF+}
rPois    .         Spirit   .   (helmet restricted)
rElec    .         Reflect  .   A - +2 cloak
rCorr    +         Harm     .   (gloves unavailable)
MR       +....                  (boots unavailable)
Stlth    ++........             E - amulet of the acrobat
HPRegen  0.26/turn              q - ring of stealth
MPRegen  0.12/turn              u - ring of resist corrosion

@: exhausted
A: large, unfitting armour, horns 1, cold resistance 1, frail 1, tough skin 1,
unskilled 1, inexperienced 1, temperature sensitive
a: Draw Out Power, Power Leap, Apocalypse, Renounce Religion


You were on level 9 of the Dungeon.
You worshipped Ru.
Ru was extremely pleased with you.
You were hungry.

You visited 1 branch of the dungeon, and saw 9 of its levels.

You collected 561 gold pieces.

Inventory:

Hand Weapons
 a - a +3 lajatang (weapon)
 b - a +0 blowgun
 k - a +1 short sword
 r - a +1 dagger of venom
 t - a +2 dagger of freezing
Missiles
 c - 4 large rocks
 d - a throwing net
 e - 350 stones
 o - 3 tomahawks (quivered)
 s - 59 poisoned needles
 D - 6 needles of sleeping
Armour
 y - a +1 robe of fire resistance (worn)
 A - a +2 cloak (worn)
Jewellery
 q - a ring of stealth (left hand)
 u - a ring of resist corrosion (right hand)
 E - an amulet of the acrobat (around neck)
Wands
 m - a wand of random effects (23)
Scrolls
 g - 3 scrolls of identify
 i - 2 scrolls of amnesia
 l - 3 scrolls of remove curse
 p - 5 scrolls of immolation
 w - 3 scrolls of enchant armour
 x - 2 scrolls of teleportation
Potions
 h - 5 potions of brilliance
 n - a potion of might
 v - 4 potions of agility
 z - a potion of curing
 B - a potion of resistance
 C - a potion of ambrosia
Comestibles
 f - 25 rations


   Skills:
 - Level 10.2 Fighting
 * Level 6.0 Staves
 + Level 9.5 Throwing
 * Level 5.0 Dodging
 - Level 0.5 Stealth


You had 3 spell levels left.
You knew the following spells:

 Your Spells              Type           Power        Failure   Level  Hunger
a - Ozocubu's Armour      Chrm/Ice       #.......     69%         3    ####...
b - Call Canine Familiar  Summ           #.......     69%         3    ####...

Your spell library contained the following spells:

 Spells                   Type           Power        Failure   Level  Hunger
 Freeze                   Ice            #...         32%         1    ##.....
 Magic Dart               Conj           #...         32%         1    ##.....
 Summon Small Mammal      Summ           #...         32%         1    ##.....
 Call Imp                 Summ           #.......     45%         2    ###....
 Searing Ray              Conj           #.....       45%         2    ###....
 Throw Frost              Conj/Ice       #.....       45%         2    ###....
 Dazzling Spray           Conj/Hex       #.....       69%         3    ####...
 Summon Guardian Golem    Hex/Summ       #.......     69%         3    ####...
 Force Lance              Conj/Tloc      #.......     97%         4    #####..
 Fulminant Prism          Conj/Hex       #.........   97%         4    #####..
 Iskenderun's Mystic Bla  Conj           #.......     97%         4    #####..
 Summon Ice Beast         Ice/Summ       #.......     97%         4    #####..
 Summon Lightning Spire   Summ/Air       #.......     97%         4    #####..
 Throw Icicle             Conj/Ice       #.......     97%         4    #####..
 Bolt of Magma            Conj/Fire/Erth #.........   100%        5    ######.
 Iskenderun's Battlesphe  Conj/Chrm      #.......     100%        5    ######.
 Venom Bolt               Conj/Pois      #.........   100%        5    ######.
 Iron Shot                Conj/Erth      #.........   100%        6    #######
 Orb of Destruction       Conj           #.........   100%        7    #######
 Spellforged Servitor     Conj/Summ      #.........   100%        7    #######


Dungeon Overview and Level Annotations

Branches:
Dungeon (9/15)             Temple (0/1) D:7
   Lair: D:8-11         Orc: D:9-12

Altars:
Ru


Innate Abilities, Weirdness & Mutations

You are too large for most types of armour.
You have tough skin. (AC +1)
You are somewhat unskilled. (-1 Apt)
You are somewhat inexperienced. (-2 XL)
You are sensitive to extremes of temperature. (rF-, rC-)
You have a pair of small horns on your head.
Your flesh is cold resistant. (rC+)
You are frail. (-10% HP)


Message History

The big kobold hits you but does no damage.
The three-headed hydra closely misses you. x2
The three-headed hydra barely misses you.
The big kobold misses you.
Fire/throw which item? (* to show all) (? for menu, Esc to quit)
Throwing (i - inventory. (/) - cycle)
o - 3 tomahawks (quivered)
Press: ? - help, Shift-Dir - straight line, f/p - three-headed hydra
Aim: a three-headed hydra (severely wounded, softly glowing, blind)
You throw a large rock.
The large rock hits the three-headed hydra.
The three-headed hydra is severely wounded.
The three-headed hydra stops glowing.
The three-headed hydra bites you.
* * * LOW HITPOINT WARNING * * *
The three-headed hydra closely misses you.
The three-headed hydra barely misses you.
The big kobold hits you but does no damage.
The three-headed hydra closely misses you.
The three-headed hydra barely misses you.
The three-headed hydra bites you!
You die...

##......##.....††#
##........#.#####)####
###...........#PP≈.≈.≈.#
.............##P≈..†...#
###..........##≈≈P..P..#
#..........##P≈≈.....# #
#...........#.≈P.....# #
##..........#D###'''## #
#..........##K@#.....#
###..........##(%+.....#
.##..........############
...............#........#
.##............#........#
...#...........#........#
##)#....................#
.#....###......#>.......###
...............#..........##


You could see a three-headed hydra (blind) and a big kobold.

Vanquished Creatures
  A two-headed ogre (D:9)
  2 dream sheep (D:9)
  6 yaks (D:9)
  2 ice beasts (D:6)
  A black bear (D:6)
  A sky beast (D:9)
  A necrophage (D:6)
  4 ogres
  3 bullfrogs
  2 big kobolds (D:9)
  2 wyvern zombies
  5 scorpions
  7 wights
  3 howler monkeys
  A centaur zombie (D:9)
  2 crimson imps
  4 hounds
  2 orc priests
  A gnoll shaman (D:8)
  3 bullfrog skeletons (D:4)
  A centaur skeleton (D:8)
  6 orc wizards
  Jessica (D:3)
  Natasha (thrice) (D:3)
  6 iguanas
  4 worker ants
  A killer bee zombie (D:9)
  A hound skeleton (D:6)
  17 gnolls
  17 adders
  3 shadow imps
  3 adder skeletons
  3 dart slugs
  5 leopard geckos
  35 orcs
  A ball python (D:1)
  5 giant cockroaches
  15 goblins
  15 hobgoblins
  5 jackals (D:3)
  16 kobolds
  3 quokkas
  A ball python skeleton (D:5)
  9 bats
  2 frilled lizards
  A jackal skeleton (D:7)
  A leopard gecko skeleton (D:5)
  A quokka zombie (D:5)
  3 rats
237 creatures vanquished.

Vanquished Creatures (others)
  A big kobold (D:8)
  2 orcs
3 creatures vanquished.

Grand Total: 240 creatures vanquished

Notes
Turn   | Place    | Note
-------+----------+-------------------------------------------
     0 | D:1      | MrRokkomies the Ogre Hunter began the quest for the Orb.
     0 | D:1      | Reached XP level 1. HP: 22/22 MP: 1/1
   256 | D:1      | Reached skill level 3 in Fighting
   308 | D:1      | Reached XP level 2. HP: 29/31 MP: 2/2
  1102 | D:2      | Reached XP level 3. HP: 24/39 MP: 3/3
  1251 | D:2      | Reached skill level 4 in Fighting
  1541 | D:2      | Reached XP level 4. HP: 34/49 MP: 4/4
  1835 | D:2      | Reached skill level 5 in Throwing
  2023 | D:3      | Noticed Natasha
  2025 | D:3      | Noticed Jessica
  2029 | D:3      | Killed Natasha
  2029 | D:3      | Reached skill level 5 in Fighting
  2029 | D:3      | Reached XP level 5. HP: 52/57 MP: 5/5
  2030 | D:3      | Killed Jessica
  2151 | D:3      | Noticed Natasha
  2162 | D:3      | Killed Natasha
  2188 | D:3      | Reached XP level 6. HP: 33/67 MP: 6/6
  2561 | D:3      | Reached skill level 6 in Fighting
  2842 | D:3      | Noticed Natasha
  2880 | D:3      | Killed Natasha
  3097 | D:3      | Found a sacrificial altar of Ru.
  3112 | D:3      | Became a worshipper of Ru the Awakened
  3962 | D:4      | Reached skill level 7 in Fighting
  3962 | D:4      | Reached XP level 7. HP: 68/78 MP: 7/7
  4526 | D:5      | Entered Level 5 of the Dungeon
  4639 | D:5      | Gained mutation: You are somewhat inexperienced. (-2 XL)
                  | [Ru sacrifice]
  4639 | D:5      | Reached XP level 6. HP: 71/71 MP: 6/6
  4639 | D:5      | Reached XP level 5. HP: 62/62 MP: 5/5
  4639 | D:5      | Reached * piety under Ru
  4639 | D:5      | Reached ** piety under Ru
  5093 | D:5      | Reached XP level 6. HP: 58/72 MP: 6/6
  5535 | D:5      | Gained mutation: Your flesh is cold resistant. (rC+)
                  | [potion of mutation]
  5535 | D:5      | Gained mutation: You are frail. (-10% HP) [potion of
                  | mutation]
  5535 | D:5      | Gained mutation: You have a pair of small horns on your
                  | head. [potion of mutation]
  5556 | D:5      | Reached skill level 8 in Fighting
  6566 | D:5      | Reached XP level 7. HP: 66/72 MP: 7/7
  7282 | D:6      | Reached skill level 9 in Fighting
  7716 | D:6      | Reached XP level 8. HP: 51/77 MP: 8/8
  7920 | D:6      | Reached skill level 10 in Fighting
  8098 | D:6      | Gained mutation: You are sensitive to extremes of
                  | temperature. (rF-, rC-) [Ru sacrifice]
  8098 | D:6      | Reached *** piety under Ru
  8098 | D:6      | Reached **** piety under Ru
  9113 | D:7      | Reached skill level 11 in Fighting
  9389 | D:7      | Reached XP level 9. HP: 52/89 MP: 9/9
  9564 | D:7      | Found a staircase to the Ecumenical Temple.
  9643 | D:7      | Reached skill level 1 in Staves
 10519 | D:8      | Learned a level 3 spell: Ozocubu's Armour
 10523 | D:8      | Learned a level 3 spell: Call Canine Familiar
 10525 | D:8      | Found a flagged portal.
 10699 | D:9      | Reached skill level 10 in Throwing
 10839 | D:9      | Noticed a two-headed ogre
 10870 | D:9      | Reached skill level 5 in Staves
 11144 | D:8      | Gained mutation: You are somewhat unskilled. (-1 Apt) [Ru
                  | sacrifice]
 11144 | D:8      | Reduced skill Fighting to level 10
 11144 | D:8      | Reached ***** piety under Ru
 11151 | D:9      | Killed a two-headed ogre
 11151 | D:9      | Reached skill level 5 in Staves
 11151 | D:9      | Reached XP level 10. HP: 75/94 MP: 10/10
 12004 | D:9      | Reached skill level 5 in Dodging
 12038 | D:9      | Noticed a three-headed hydra
 12046 | D:9      | HP: 3/99 [three-headed hydra (14)]
 12048 | D:9      | Demolished by a three-headed hydra

Levels and vault maps discovered:
D:1:      dpeg_arrival_morbid_curiosity, layout_rooms, serial_bayou_pond_c,
          serial_bayou_ford_a
D:2:      layout_loops_cross
D:3:      cheibrodos_pilgrimage, layout_basic, marbit_many_paths, first_ration,
          uniq_natasha, uniq_jessica
D:4:      layout_basic
D:5:      corexii_shantytown, layout_loops_corners
D:6:      layout_loops_cross
D:7:      layout_rooms, minmay_temple_entry_hall
D:8:      layout_basic, enter_bailey_2
D:9:      layout_rooms, hangedman_ranch [blue_anna_fruit_fields]

Skill      XL: |  1  2  3  4  5  6  7  8  9 10 |
---------------+-------------------------------+-----
Fighting       | 3 4 5 8 9 11 10 | 10.2
Throwing       | 5 7 8 9 9 |  9.5
Staves         | 5 6 |  6.0
Dodging        | 4 5 |  5.0
Stealth        | |  0.5

Action                   |  1- 3 |  4- 6 |  7- 9 | 10-12 || total
-------------------------+-------+-------+-------+-------++-------
Melee: Short sword       |    96 |   173 |    45 |       ||   314
       Dagger            |       |   146 |   147 |       ||   293
       Headbutt          |       |    16 |    55 |     9 ||    80
       Lajatang          |       |       |   130 |    49 ||   179
 Fire: Blowgun           |       |    21 |       |       ||    21
Throw: Stone             |    20 |    30 |    19 |       ||    69
       Tomahawk          |    14 |    28 |    49 |     6 ||    97
       Large rock        |     3 |     7 |    17 |    10 ||    37
       Throwing net      |       |     1 |       |       ||     1
Invok: Sacrifice Experie |       |     1 |       |       ||     1
       Power Leap        |       |       |     1 |     1 ||     2
       Sacrifice Resista |       |       |     1 |       ||     1
       Draw Out Power    |       |       |     1 |       ||     1
       Sacrifice Skill   |       |       |     1 |       ||     1
  Use: Scroll            |     7 |     4 |     9 |     4 ||    24
       Potion            |     1 |     4 |     1 |     1 ||     7
 Stab: Sleeping          |       |    11 |     8 |     1 ||    20
       Invisible         |       |       |     2 |       ||     2
       Paralysed         |       |       |     1 |     3 ||     4
  Eat: Chunk             |     2 |    12 |    11 |       ||    25
       Ration            |       |       |     3 |       ||     3
Armor: Robe              |    43 |    84 |    86 |    24 ||   237
Dodge: Dodged            |    79 |   169 |   144 |    36 ||   428

Table legend:
 A = Non-vault XP
 B = Vault XP
 C = Vault XP percentage of total XP
 D = Non-vault monster count
 E = Vault monster count
 F = Vault count percentage of total count
                 A         B        C        D         E       F
            +---------+---------+-------+---------+---------+-------
      Total |    6102 |    1266 |  17.2 |     180 |      59 |  24.7
            +---------+---------+-------+---------+---------+-------
        D:1 |      20 |       9 |  31.0 |      12 |       5 |  29.4
        D:2 |     113 |       0 |   0.0 |      16 |       0 |   0.0
        D:3 |     127 |     127 |  50.0 |      26 |       8 |  23.5
        D:4 |     267 |       0 |   0.0 |      12 |       0 |   0.0
        D:5 |     320 |     168 |  34.4 |      20 |      40 |  66.7
        D:6 |    1354 |       0 |   0.0 |      23 |       0 |   0.0
        D:7 |     570 |       0 |   0.0 |      17 |       0 |   0.0
        D:8 |     604 |       0 |   0.0 |      22 |       0 |   0.0
        D:9 |    2727 |     962 |  26.1 |      32 |       6 |  15.8
            +---------+---------+-------+---------+---------+-------
